 Dungeon Crawl Stone Soup version 0.28-a0-863-g8cecda6153 (webtiles) character file.

Game seed: 1003082149308749476

64 vineage the Skirmisher (level 3, 0/29 HPs)
             Began as a Demonspawn Gladiator on Nov 18, 2021.
             Killed from afar by Natasha (3 damage)
             ... with a magic dart
             ... on level 2 of the Dungeon.
             The game lasted 00:01:33 (1182 turns).

vineage the Skirmisher (Demonspawn Gladiator)       Turns: 1182, Time: 00:01:34

Health: 0/29       AC:  4    Str: 15    XL:     3   Next: 91%
Magic:  3/3        EV:  9    Int:  9    God:
Gold:   61         SH:  7    Dex: 14    Spells: 2/2 levels left

rFire   . . .      SeeInvis .   a - +0 long sword
rCold   . . .      Faith    .   f - +0 kite shield
rNeg    . . .      Spirit   .   b - +0 leather armour
rPois   .          Reflect  .   c - +0 helmet
rElec   .          Harm     .   (no cloak)
rCorr   .          Rampage  .   (no gloves)
Will    .....                   (no boots)
Stlth   +.........              (no amulet)
HPRegen 0.09/turn               (no ring)
MPRegen 0.08/turn               (no ring)

@: no status effects
A: weakness stinger 1
a: no special abilities


You were on level 2 of the Dungeon.
You visited 1 branch of the dungeon, and saw 2 of its levels.

You collected 61 gold pieces.

Inventory:

Hand Weapons
 a - a +0 long sword (weapon)
Missiles
 d - 3 throwing nets (quivered)
Armour
 b - a +0 leather armour (worn)
 c - a +0 helmet (worn)
 f - a +0 kite shield (worn)
Jewellery
 i - an amulet of the acrobat
Scrolls
 g - a scroll of immolation {unknown}
 h - a scroll of fear {unknown}
Potions
 e - 2 potions of magic {unknown}


   Skills:
 + Level 3.3 Fighting
 - Level 2.6 Long Blades
 - Level 1.7 Throwing
 + Level 2.1 Armour
 - Level 2.6 Dodging


You had 2 spell levels left.
You didn't know any spells.
Your spell library was empty.

Dungeon Overview and Level Annotations

Branches:
Dungeon (2/15)

Altars:

Shops:
D:1 *

Annotations:
D:2 Natasha


Innate Abilities, Weirdness & Mutations

You have a small tail.


Message History

You are too injured to fight recklessly!
You are too injured to fight recklessly!
You are too injured to fight recklessly!
You are too injured to fight recklessly!
You are too injured to fight recklessly!
You are too injured to fight recklessly!
You are too injured to fight recklessly!
You are too injured to fight recklessly!
You are too injured to fight recklessly!
You are too injured to fight recklessly!
You hit Natasha but do no damage.
Natasha is severely wounded.
Natasha casts a spell at you. The magic dart hits you.
* * * LOW HITPOINT WARNING * * *
You block Natasha's attack.
You slash Natasha!
You kill Natasha!
Natasha screams in pain as she dies!
Your Armour skill increases to level 2!
Unknown command.
You feel yourself speed up.
Natasha, Servant of Life and Death comes into view.
Natasha hisses angrily.
Okay, then.
Natasha casts a spell at you. You resist with significant effort.
You closely miss Natasha.
Your tail-slap misses Natasha.
Natasha misses you. Natasha claws you!
You slash Natasha!
Natasha is severely wounded.
Natasha completely misses you.
Your shield prevents you from hitting Natasha.
Natasha is severely wounded.
Natasha casts a spell at you. The magic dart hits you!
* * * LOW HITPOINT WARNING * * *
Natasha casts a spell at you. The magic dart hits you.
You die...

.###.†.#####.. .. .#
#..........♣._
.###...#####..$.
................
..##.<...##.(..##
..##.....##.....
..##.....##....# #
^........##....####.#
...#...######...@h†.#
.........................
..###..##...........#....
+# #..##................
#................#....
#.....####............
#..... #............
+..... ........#.#..
#..... ........#


You could see Natasha.

Vanquished Creatures
  Natasha (D:2)
  A gnoll (D:1)
  An adder (D:2)
  6 ball pythons
  An endoplasm (D:1)
  2 hobgoblins (D:1)
  A kobold (D:1)
  A quokka (D:1)
  3 bats
  4 frilled lizards
  A goblin (D:1)
  A rat (D:1)
23 creatures vanquished.

Vanquished Creatures (others)
  A withered plant (D:2)
1 creature vanquished.

Grand Total: 24 creatures vanquished

Notes
Turn   | Place    | Note
-------+----------+-------------------------------------------
     0 | D:1      | vineage the Demonspawn Gladiator began the quest for the
                  | Orb.
     0 | D:1      | Reached XP level 1. HP: 16/16 MP: 1/1
    26 | D:1      | Reached skill level 1 in Armour
    26 | D:1      | Discovered your monstrous ancestry.
    26 | D:1      | Gained mutation: You have a small tail. [demonic ancestry]
    26 | D:1      | Reached XP level 2. HP: 23/23 MP: 2/2
   387 | D:1      | Found Taopsyuf's General Store.
   865 | D:2      | Reached skill level 3 in Fighting
   865 | D:2      | Reached XP level 3. HP: 15/29 MP: 3/3
  1056 | D:2      | Found a faded altar of an unknown god.
  1059 | D:2      | Noticed Natasha
  1069 | D:2      | Killed Natasha
  1174 | D:2      | Noticed Natasha
  1182 | D:2      | Killed from afar by Natasha

Illustrated notes

Levels and vault maps discovered:
D:1:      heliophobic_arrival_henge, layout_basic, serial_shops,
          nicolae_shop_advertising_works [nicolae_subvault_shop_adworks],
          minmay_tetromino_l2
D:2:      layout_basic, ebering_ecumenical_altar_petrified, uniq_natasha

Skill      XL: |  1  2  3 |
---------------+----------+-----
Armour         | 1 2 |  2.1
Fighting       | 3 |  3.3
Long Blades    | |  2.6
Throwing       | |  1.7
Dodging        | |  2.6

Action                   || total
-------------------------++-------
Melee: Long sword        ||    48
       Tailslap          ||     4
Armor: Leather armour    ||    13
Dodge: Dodged            ||    27
Block: Kite shield       ||     7

Table legend: (Time is in decaauts)
 A = Elapsed time spent in this place.
 B = Non-inter-level travel time spent in this place.
 C = Inter-level travel time spent in this place.
 D = Time resting spent in this place.
 E = Time spent auto-exploring this place.
 F = Levels seen in this place.
 G = Mean time per level.
                   A        B        C        D        E       F      G
               +--------+--------+--------+--------+--------+-----+--------+
         Total |   1210 |   1182 |     28 |      0 |   1016 |   2 |  605.0 |
       Dungeon |   1210 |   1182 |     28 |      0 |   1016 |   2 |  605.0 |
               +--------+--------+--------+--------+--------+-----+--------+

Top non-repeatable levels by time:
     D:1: 861 daAuts
     D:2: 349 daAuts
